 Dungeon Crawl Stone Soup version 0.30-a0-234-g97d66968fd (webtiles) character file.

Game seed: 2670636137214415181

2508 qw the Cleaver (level 9, -6/55 HPs)
             Began as a Gargoyle Fighter on Oct 10, 2022.
             Was a Priest of Okawaru.
             Killed by divine providence
             ... invoked by an orc priest
              (11 damage)
             ... on level 8 of the Dungeon.
             The game lasted 00:04:55 (6796 turns).

qw the Cleaver (Gargoyle Fighter)                   Turns: 6796, Time: 00:04:56

Health: -6/55      AC: 26    Str: 25    XL:     9   Next: 53%
Magic:  11/12      EV: 12    Int:  8    God:    Okawaru [***...]
Gold:   195        SH:  7    Dex: 21    Spells: 8/8 levels left

rFire   . . .      SeeInvis .    Y - +3 war axe
rCold   . . .      Faith    .    a - +0 buckler of Defence {Contam Regen+ Dex+6 Stlth+}
rNeg    + . .      Spirit   .    j - +0 chain mail
rPois   inf        Reflect  .    r - +2 helmet
rElec   +          Harm     .    (no cloak)
rCorr   .          Rampage  .    (no gloves)
Will    .....                    g - +0 pair of boots
Stlth   +.........               (no amulet)
HPRegen 1.09/turn                p - +4 ring of protection
MPRegen 0.13/turn                k - +6 ring of dexterity

@: heroic
A: sickness immunity, AC +6, negative energy resistance 1, electricity
resistance, torment resistance 1, petrification resistance, mutation resistance
1
a: Renounce Religion, Heroism


You were on level 8 of the Dungeon.
You worshipped Okawaru.
Okawaru was most pleased with you.
You visited 2 branches of the dungeon, and saw 9 of its levels.

You collected 344 gold pieces.
You spent 149 gold pieces at shops.


Innate Abilities, Weirdness & Mutations

You are immune to sickness and miasma.
Your stone body is resilient. (AC +6)
You are immune to poison.
You resist negative energy. (rN+)
You are resistant to electric shocks. (rElec)
You are resistant to unholy torment.
You are immune to petrification.
You are somewhat resistant to further mutation.


   Skills:
 + Level 6.1(11.1) Fighting
 - Level 9.1(14.1) Axes
 - Level 1.0(6.0) Throwing
 - Level 4.0(9.0) Armour
 - Level 2.1(7.1) Dodging
 - Level 4.9(9.9) Shields
 - Level 4.0 Invocations


You had 8 spell levels left.
You didn't know any spells.
Your spell library was empty.

Inventory:

Hand Weapons
 l - a +3 flail
 Y - a +3 war axe (weapon)
Missiles
 o - 5 boomerangs (quivered)
Armour
 a - the +0 buckler of Defence (worn) {Contam Regen+ Dex+6 Stlth+}
   (You acquired it on level 3 of the Dungeon)

   Dex:       It affects your dexterity (+6).
   Contam:    It causes magical contamination when unequipped.
   Regen:     It increases your rate of health regeneration.
   Stlth:     It makes you more stealthy.
 g - a +0 pair of boots (worn)
 j - a +0 chain mail (worn)
 r - a +2 helmet (worn)
Jewellery
 k - a +6 ring of dexterity (right hand)
 p - a +4 ring of protection (left hand)
Scrolls
 h - 3 scrolls of identify
Potions
 b - a potion of mutation
 c - a potion of lignification
 d - a potion of might
 e - 2 potions of curing
 i - 2 potions of attraction
 q - a potion of resistance

Dungeon Overview and Level Annotations

Branches:
Dungeon (8/15)             Temple (1/1) D:6
   Lair: D:8-11

Altars:
Ashenzari
Cheibriados
Dithmenos
Elyvilon
Fedhas
Gozag
Hepliaklqana
Kikubaaqudgha
Makhleb
Nemelex Xobeh
Okawaru
Qazlal
Ru
Sif Muna
Trog
Uskayaw
Vehumet
Wu Jian
Xom
Yredelemnul
The Shining One

Shops:
D:2 (   D:3 *   D:5 *

Annotations:
D:6 1 runed translucent door, Crazy Yiuf
D:8 1 transporter


Message History

Maggie gestures wildly while chanting.
Maggie attempts to bespell you!
You are mesmerised by Maggie!
You barely miss Maggie.
Maggie is heavily wounded.
Maggie hits you but does no damage.
You slash Maggie!
Maggie is severely wounded.
Maggie points at you and mumbles some strange words.
The bolt of fire hits you!!
6790 ||| READING scroll of teleportation.
As you read the scroll of teleportation, it crumbles to dust.
You feel strangely unstable. Maggie hits you but does no damage.
You barely miss Maggie.
Maggie is severely wounded.
You closely miss Maggie.
Maggie is severely wounded.
Maggie gestures wildly while chanting.
Maggie draws you further into her thrall.
You hit Maggie.
Maggie is severely wounded.
Maggie mumbles some strange words.
Maggie draws you further into her thrall.
You slice Maggie!!
You are no longer entranced.
You kill Maggie!
Okawaru is honoured by your kill.
Okawaru will now gift you throwing weapons as you gain piety.
Your surroundings suddenly seem different.
An orc priest and 2 orcs come into view.
Found a stone staircase leading up.
Your base Shields skill increases to level 4!
Enter note: The orc priest shouts!
The orc shouts! x2
The orc priest invokes the aid of Beogh against you.
Beogh smites you!
The orc priest invokes the aid of Beogh against you.
Beogh smites you!
You die...

.# .# .#####
##.#...##
###.......#
#..........
###..........
##.....<......
#.o..@........
...o...o........
...##.....#####.
.# ##..###.^.#
..## y... #..
.#.. #.# ..


You could see an orc priest and 2 orcs.

Vanquished Creatures
  Maggie (D:8)
  A steam dragon (D:6)
  Menkaure (D:7)
  2 water moccasins
  A sky beast (D:7)
  2 ice beasts (D:7)
  A centaur (D:6)
  3 phantoms
  A kobold brigand (D:7)
  A necrophage (D:7)
  3 gnoll sergeants
  A scorpion (D:7)
  A howler monkey (D:7)
  An orc priest (D:4)
  3 hounds
  A gnoll bouda (D:7)
  An iguana (D:7)
  Ijyb (D:4)
  Terence (D:2)
  Natasha (thrice) (D:3)
  Robin (D:2)
  26 gnolls
  10 adders
  A white imp (D:6)
  An ufetubus (D:6)
  4 worms (D:2)
  2 dart slugs
  25 orcs
  4 ball pythons
  6 endoplasms
  16 goblins
  7 hobgoblins
  6 kobolds
  5 quokkas
  4 bats
  4 frilled lizards
  4 rats
156 creatures vanquished.

Vanquished Creatures (others)
  6 plants (D:6)
6 creatures vanquished.

Grand Total: 162 creatures vanquished

Notes
Turn   | Place    | Note
-------+----------+-------------------------------------------
     0 | D:1      | qw the Gargoyle Fighter began the quest for the Orb.
     0 | D:1      | Reached XP level 1. HP: 14/14 MP: 1/1
     0 | D:1      | 0 ||| qw: Version: 0.2-a-17-g06abaee
     0 | D:1      | 0 ||| qw: Game counter: 2352
     0 | D:1      | 0 ||| qw: Always use a shield: true
     0 | D:1      | 0 ||| qw: God list: Okawaru
     0 | D:1      | 0 ||| qw: Allow faded altars: false
     0 | D:1      | 0 ||| qw: Do Orc after D:15 true
     0 | D:1      | 0 ||| qw: Do second Lair branch before Depths: true
     0 | D:1      | 0 ||| qw: Lair rune preference: random
     0 | D:1      | 0 ||| qw: Plans: Normal, Zot:1-4, God:TSO, Crypt, Tomb,
                  | Pan, Slime:5, Hells, Abyss, Orb
     0 | D:1      | 0 ||| PLANNING D:1-11
    23 | D:1      | Reached skill level 2 in Axes
    60 | D:1      | 60 ||| Stepping ~*~*~tactically~*~*~ (stealth).
    63 | D:1      | 63 ||| Stepping ~*~*~tactically~*~*~ (stealth).
    71 | D:1      | Reached XP level 2. HP: 17/19 MP: 2/2
    92 | D:1      | 92 ||| Stepping ~*~*~tactically~*~*~ (stealth).
   119 | D:1      | 119 ||| DROPPING +0 club.
   439 | D:1      | 439 ||| Stepping ~*~*~tactically~*~*~ (stealth).
   623 | D:1      | 623 ||| READING scroll labelled PODISTR POALASH.
   654 | D:2      | Reached skill level 3 in Axes
   654 | D:2      | Reached XP level 3. HP: 22/23 MP: 3/3
   658 | D:2      | 658 ||| Stepping ~*~*~tactically~*~*~ (stealth).
   659 | D:2      | 659 ||| Stepping ~*~*~tactically~*~*~ (stealth).
   679 | D:2      | 679 ||| Stepping ~*~*~tactically~*~*~ (stealth).
   681 | D:2      | 681 ||| Stepping ~*~*~tactically~*~*~ (stealth).
   685 | D:2      | 685 ||| Stepping ~*~*~tactically~*~*~ (stealth).
   686 | D:2      | 686 ||| Stepping ~*~*~tactically~*~*~ (stealth).
   687 | D:2      | 687 ||| Stepping ~*~*~tactically~*~*~ (stealth).
   738 | D:2      | Found Siymm's Antique Weapon Shoppe.
   755 | D:2      | 755 ||| SHOPLISTING broad axe (112 gold, have 51).
   755 | D:2      | 755 ||| SHOPLISTING flail (98 gold, have 51).
   755 | D:2      | 755 ||| SHOPLISTING runed mace (168 gold, have 51).
   828 | D:2      | Reached XP level 4. HP: 27/28 MP: 4/4
   883 | D:2      | Reached skill level 4 in Axes
   895 | D:2      | 895 ||| Stepping ~*~*~tactically~*~*~ (stealth).
   923 | D:2      | Identified the +1 rapier of Truncation {vamp, rElec MP-9
                  | SInv}
   953 | D:2      | 953 ||| Stepping ~*~*~tactically~*~*~ (hiding).
   958 | D:2      | 958 ||| Stepping ~*~*~tactically~*~*~ (hiding).
   963 | D:2      | Noticed Terence
   980 | D:2      | HP: 4/28 [Terence/+0 flail (7)]
   981 | D:2      | HP: 1/28 [Terence/+0 flail (3)]
   983 | D:2      | Killed Terence
  1095 | D:2      | 1095 ||| DROPPING +0 whip.
  1144 | D:2      | Noticed Robin
  1145 | D:2      | 1145 ||| Stepping ~*~*~tactically~*~*~ (stealth).
  1146 | D:2      | 1146 ||| Stepping ~*~*~tactically~*~*~ (stealth).
  1152 | D:2      | 1152 ||| Stepping ~*~*~tactically~*~*~ (hiding).
  1153 | D:2      | 1153 ||| Stepping ~*~*~tactically~*~*~ (hiding).
  1156 | D:2      | 1156 ||| Stepping ~*~*~tactically~*~*~ (hiding).
  1158 | D:2      | 1158 ||| Stepping ~*~*~tactically~*~*~ (hiding).
  1174 | D:2      | Killed Robin
  1241 | D:2      | 1241 ||| Stepping ~*~*~tactically~*~*~ (stealth).
  1242 | D:2      | 1242 ||| Stepping ~*~*~tactically~*~*~ (stealth).
  1255 | D:2      | Reached XP level 5. HP: 29/32 MP: 5/5
  1614 | D:2      | 1614 ||| Stepping ~*~*~tactically~*~*~ (hiding).
  1717 | D:2      | Reached skill level 5 in Axes
  1876 | D:2      | 1876 ||| UPGRADING to +0 helmet.
  1881 | D:2      | 1881 ||| DROPPING +2 robe of fire resistance.
  1882 | D:2      | 1882 ||| UPGRADING to +0 chain mail.
  1892 | D:2      | 1892 ||| DROPPING +0 scale mail.
  1893 | D:2      | 1893 ||| UPGRADING to amulet of guardian spirit.
  1898 | D:2      | 1898 ||| READING scroll labelled XUQIYX ITOAHIA.
  1899 | D:2      | 1899 ||| READING 4 scrolls labelled LANICV VEAJISUU.
  1900 | D:2      | 1900 ||| READING scroll labelled ADITUWKUON.
  1919 | D:2      | 1919 ||| DRINKING 2 emerald potions.
  1920 | D:2      | 1920 ||| READING 3 scrolls of identify.
  1920 | D:2      | 1920 ||| IDENTIFYING black potion
  1921 | D:2      | 1921 ||| READING 2 scrolls of identify.
  1921 | D:2      | 1921 ||| IDENTIFYING fuming dark potion
  1922 | D:2      | 1922 ||| DROPPING potion of flight.
  1923 | D:2      | 1923 ||| DROPPING potion of degeneration.
  2019 | D:3      | Found a shadowy altar of Dithmenos.
  2074 | D:3      | Found Jigur's Assorted Antiques.
  2080 | D:3      | 2080 ||| BUYING fizzy ruby potion (20 gold).
  2080 | D:3      | Bought a fizzy ruby potion for 20 gold pieces
  2080 | D:3      | 2080 ||| SHOPLISTING large ruby ring (115 gold, have 87).
  2080 | D:3      | 2080 ||| BUYING sapphire potion (20 gold).
  2080 | D:3      | Bought a sapphire potion for 20 gold pieces
  2080 | D:3      | 2080 ||| BUYING scroll labelled EZXUIL NOMNU (23 gold).
  2080 | D:3      | Bought a scroll labelled EZXUIL NOMNU for 23 gold pieces
  2080 | D:3      | 2080 ||| BUYING scroll labelled PAEG FEMECKAZU (23 gold).
  2080 | D:3      | Bought a scroll labelled PAEG FEMECKAZU for 23 gold pieces
  2080 | D:3      | 2080 ||| SHOPLISTING scroll of identify (46 gold, have 21).
  2181 | D:3      | 2181 ||| Stepping ~*~*~tactically~*~*~ (stealth).
  2182 | D:3      | 2182 ||| Stepping ~*~*~tactically~*~*~ (stealth).
  2371 | D:3      | 2371 ||| Stepping ~*~*~tactically~*~*~ (hiding).
  2384 | D:3      | HP: 7/33 [gnoll/+0 halberd (4)]
  2385 | D:3      | 2385 ||| READING scroll of teleportation.
  2640 | D:3      | Noticed Natasha
  2644 | D:3      | Killed Natasha
  2645 | D:3      | Reached XP level 6. HP: 38/38 MP: 6/6
  2736 | D:3      | Noticed Natasha
  2737 | D:3      | 2737 ||| Stepping ~*~*~tactically~*~*~ (hiding).
  2746 | D:3      | Killed Natasha
  2775 | D:3      | 2775 ||| READING scroll labelled EZXUIL NOMNU.
  2776 | D:3      | 2776 ||| READING scroll labelled PAEG FEMECKAZU.
  2776 | D:3      | 2776 ||| ACQUIRING +0 buckler of Defence {Contam Regen+
                  | Dex+6 Stlth+}
  2776 | D:3      | Acquired the +0 buckler of Defence {Contam Regen+ Dex+6
                  | Stlth+}
  2778 | D:3      | 2778 ||| UPGRADING to +0 buckler of Defence {Contam Regen+
                  | Dex+6 Stlth+}.
  2788 | D:3      | 2788 ||| DROPPING +0 buckler.
  2789 | D:3      | 2789 ||| DRINKING 2 fizzy ruby potions.
  2789 | D:3      | Gained mutation: You are somewhat resistant to further
                  | mutation. [potion of mutation]
  2790 | D:3      | 2790 ||| DRINKING 2 lumpy silvery potions.
  2791 | D:3      | 2791 ||| DROPPING potion of brilliance.
  2796 | D:3      | Noticed Natasha
  2797 | D:3      | 2797 ||| Stepping randomly (cloudy).
  2805 | D:3      | 2805 ||| Stepping randomly (cloudy).
  2833 | D:3      | 2833 ||| Stepping randomly (cloudy).
  2834 | D:3      | 2834 ||| Stepping randomly (cloudy).
  2854 | D:3      | 2854 ||| Stepping randomly (cloudy).
  2855 | D:3      | 2855 ||| Stepping randomly (cloudy).
  2862 | D:3      | 2862 ||| Stepping randomly (cloudy).
  2866 | D:3      | Killed Natasha
  2879 | D:3      | 2879 ||| Stepping ~*~*~tactically~*~*~ (stealth).
  2882 | D:3      | 2882 ||| Stepping ~*~*~tactically~*~*~ (hiding).
  2913 | D:4      | 2913 ||| STAIRDANCE
  2933 | D:4      | Reached skill level 1 in Dodging
  3131 | D:4      | 3131 ||| Stepping ~*~*~tactically~*~*~ (stealth).
  3146 | D:4      | Noticed Ijyb
  3150 | D:4      | Paralysed by Ijyb for 5 turns
  3165 | D:4      | Paralysed by Ijyb for 5 turns
  3173 | D:4      | Killed Ijyb
  3341 | D:4      | Found a blossoming altar of Fedhas.
  3342 | D:4      | Found a bloodstained altar of Trog.
  3544 | D:4      | 3544 ||| UPGRADING to +4 ring of protection.
  3545 | D:4      | 3545 ||| READING scroll labelled POS FULOZ NUHA.
  3546 | D:4      | 3546 ||| READING scroll labelled WITZIH ETIO.
  3547 | D:4      | 3547 ||| READING scroll labelled FEHICO WOSO.
  3548 | D:4      | 3548 ||| READING scroll labelled KOLOUT WADAS.
  3549 | D:4      | 3549 ||| DRINKING 2 sapphire potions.
  3550 | D:4      | 3550 ||| READING 2 scrolls of identify.
  3550 | D:4      | 3550 ||| IDENTIFYING yellow potion
  3551 | D:4      | 3551 ||| DROPPING potion of berserk rage.
  3577 | D:5      | Entered Level 5 of the Dungeon
  3742 | D:5      | Found a basalt altar of Yredelemnul.
  3871 | D:5      | Found a shimmering blue altar of Sif Muna.
  3875 | D:5      | Found a snail-covered altar of Cheibriados.
  3876 | D:5      | Found Emua's General Store.
  3900 | D:5      | 3900 ||| BUYING +0 pair of boots (63 gold).
  3900 | D:5      | Bought a +0 pair of boots for 63 gold pieces
  3900 | D:5      | 3900 ||| SHOPLISTING scroll of enchant weapon (105 gold,
                  | have 57).
  3980 | D:5      | 3980 ||| Stepping ~*~*~tactically~*~*~ (stealth).
  3981 | D:5      | 3981 ||| Stepping ~*~*~tactically~*~*~ (stealth).
  4004 | D:5      | Reached skill level 6 in Axes
  4004 | D:5      | Reached XP level 7. HP: 40/43 MP: 5/7
  4092 | D:5      | 4092 ||| Stepping ~*~*~tactically~*~*~ (stealth).
  4318 | D:5      | 4318 ||| UPGRADING to +0 pair of boots.
  4323 | D:5      | 4323 ||| READING scroll labelled NITOSHRIUNOU.
  4324 | D:5      | 4324 ||| READING 2 scrolls labelled VOSKETZIUMN.
  4325 | D:5      | 4325 ||| READING 2 scrolls of identify.
  4325 | D:5      | 4325 ||| IDENTIFYING murky coppery potion
  4326 | D:5      | 4326 ||| DROPPING potion of ambrosia.
  4327 | D:5      | 4327 ||| DROPPING scroll of fear.
  4453 | D:6      | Found a staircase to the Ecumenical Temple.
  4454 | D:6      | 4454 ||| PLANNING TEMPLE
  4454 | D:6      | 4454 ||| READING 2 scrolls of identify.
  4454 | D:6      | 4454 ||| IDENTIFYING cyan potion
  4463 | Temple   | Entered the Ecumenical Temple
  4464 | Temple   | 4464 ||| PLANNING OKAWARU WORSHIP
  4470 | Temple   | Became a worshipper of Warmaster Okawaru
  4471 | Temple   | 4471 ||| PLANNING D:1-11
  4471 | Temple   | 4471 ||| REMOVING amulet of guardian spirit.
  4476 | Temple   | 4476 ||| DROPPING amulet of guardian spirit.
  4523 | D:6      | 4523 ||| Stepping ~*~*~tactically~*~*~ (hiding).
  4525 | D:6      | 4525 ||| Stepping ~*~*~tactically~*~*~ (hiding).
  4584 | D:6      | Noticed a steam dragon
  4586 | D:6      | 4586 ||| Stepping ~*~*~tactically~*~*~ (cloud).
  4587 | D:6      | 4587 ||| UPGRADING to +6 ring of dexterity.
  4588 | D:6      | 4588 ||| Stepping randomly (cloudy).
  4593 | D:6      | HP: 9/43 [steam dragon (6)]
  4594 | D:6      | 4594 ||| READING scroll of teleportation.
  4725 | D:6      | Found a broken altar of Ashenzari.
  4729 | D:6      | Saw a vision of the Swamp and the Snake Pit.
  4729 | D:6      | Noticed a ghost crab
  4729 | D:6      | Noticed a naga
  4729 | D:6      | Noticed a naga
  4729 | D:6      | Noticed a black mamba
  4729 | D:6      | Noticed a naga sharpshooter
  4729 | D:6      | Noticed a tyrant leech
  4729 | D:6      | Noticed a black mamba
  4729 | D:6      | Noticed a vampire mosquito
  4729 | D:6      | Noticed a black mamba
  4729 | D:6      | Noticed a bloated husk
  4730 | D:6      | Noticed a naga
  4730 | D:6      | Noticed a naga
  4732 | D:6      | Noticed a naga
  4732 | D:6      | Noticed a vampire mosquito
  4732 | D:6      | Noticed a black mamba
  4749 | D:6      | 4749 ||| DROPPING +0 flail.
  4754 | D:6      | 4754 ||| Stepping ~*~*~tactically~*~*~ (stealth).
  4754 | D:6      | Found a hazy altar of Hepliaklqana.
  4755 | D:6      | 4755 ||| Stepping ~*~*~tactically~*~*~ (stealth).
  4756 | D:6      | 4756 ||| Stepping ~*~*~tactically~*~*~ (stealth).
  4757 | D:6      | 4757 ||| Stepping ~*~*~tactically~*~*~ (stealth).
  4768 | D:6      | Reached skill level 7 in Axes
  4770 | D:6      | 4770 ||| DROPPING +1 mace of venom.
  4773 | D:6      | 4773 ||| Stepping ~*~*~tactically~*~*~ (hiding).
  4796 | D:6      | Reached * piety under Okawaru
  4797 | D:6      | Reached XP level 8. HP: 49/49 MP: 8/8
  4810 | D:6      | Reached skill level 1 in Throwing
  4810 | D:6      | Reached skill level 1 in Invocations
  4842 | D:6      | 4842 ||| DROPPING +0 flail of venom.
  4850 | D:6      | 4850 ||| READING scroll of enchant weapon.
  4850 | D:6      | 4850 ||| ENCHANTING +1 war axe.
  4925 | D:6      | 4925 ||| Stepping ~*~*~tactically~*~*~ (hiding).
  4926 | D:6      | 4926 ||| Stepping ~*~*~tactically~*~*~ (hiding).
  4928 | D:6      | 4928 ||| INVOKING Heroism.
  4964 | D:6      | Found a runed translucent door.
  4965 | D:6      | Noticed Crazy Yiuf
  5007 | D:6      | 5007 ||| Stepping ~*~*~tactically~*~*~ (stealth).
  5347 | D:7      | Found a radiant altar of Vehumet.
  5348 | D:7      | 5348 ||| Stepping ~*~*~tactically~*~*~ (hiding).
  5349 | D:7      | 5349 ||| Stepping ~*~*~tactically~*~*~ (hiding).
  5359 | D:7      | Reached skill level 3 in Invocations
  5370 | D:7      | Reached ** piety under Okawaru
  5384 | D:7      | 5384 ||| INVOKING Heroism.
  5392 | D:7      | Reached skill level 8 in Axes
  5455 | D:7      | 5455 ||| Stepping ~*~*~tactically~*~*~ (stealth).
  5456 | D:7      | 5456 ||| Stepping ~*~*~tactically~*~*~ (stealth).
  5468 | D:7      | Reached XP level 9. HP: 55/55 MP: 12/12
  5471 | D:7      | 5471 ||| Stepping ~*~*~tactically~*~*~ (hiding).
  5489 | D:7      | Reached skill level 6 in Fighting
  5593 | D:7      | 5593 ||| Stepping ~*~*~tactically~*~*~ (hiding).
  5598 | D:7      | 5598 ||| INVOKING Heroism.
  5600 | D:7      | 5600 ||| Stepping ~*~*~tactically~*~*~ (hiding).
  5623 | D:7      | 5623 ||| Stepping ~*~*~tactically~*~*~ (stealth).
  5716 | D:7      | 5716 ||| READING 4 scrolls of identify.
  5716 | D:7      | 5716 ||| IDENTIFYING dark potion
  5717 | D:7      | 5717 ||| Stepping randomly (stuck).
  5732 | D:7      | 5732 ||| Stepping randomly (stuck).
  5734 | D:7      | 5734 ||| Stepping randomly (stuck).
  5735 | D:7      | 5735 ||| Stepping randomly (stuck).
  5736 | D:7      | 5736 ||| Stepping randomly (stuck).
  5737 | D:7      | 5737 ||| Stepping randomly (stuck).
  5740 | D:7      | 5740 ||| Stepping randomly (stuck).
  5741 | D:7      | 5741 ||| Stepping randomly (stuck).
  5742 | D:7      | 5742 ||| Stepping randomly (stuck).
  5743 | D:7      | 5743 ||| Stepping randomly (stuck).
  5744 | D:7      | 5744 ||| Stepping randomly (stuck).
  5745 | D:7      | 5745 ||| Stepping randomly (stuck).
  5746 | D:7      | 5746 ||| Stepping randomly (stuck).
  5747 | D:7      | 5747 ||| Stepping randomly (stuck).
  5748 | D:7      | 5748 ||| Stepping randomly (stuck).
  5749 | D:7      | 5749 ||| Stepping randomly (stuck).
  5750 | D:7      | 5750 ||| Stepping randomly (stuck).
  5751 | D:7      | 5751 ||| Stepping randomly (stuck).
  5752 | D:7      | 5752 ||| Stepping randomly (stuck).
  5753 | D:7      | 5753 ||| Stepping randomly (stuck).
  5754 | D:7      | 5754 ||| Stepping randomly (stuck).
  5755 | D:7      | 5755 ||| Stepping randomly (stuck).
  5756 | D:7      | 5756 ||| Stepping randomly (stuck).
  5757 | D:7      | 5757 ||| Stepping randomly (stuck).
  5760 | D:7      | 5760 ||| Stepping randomly (stuck).
  5761 | D:7      | 5761 ||| Stepping randomly (stuck).
  5762 | D:7      | 5762 ||| Stepping randomly (stuck).
  5763 | D:7      | 5763 ||| Stepping randomly (stuck).
  5764 | D:7      | 5764 ||| Stepping randomly (stuck).
  5765 | D:7      | 5765 ||| Stepping randomly (stuck).
  5766 | D:7      | 5766 ||| Stepping randomly (stuck).
  5770 | D:7      | 5770 ||| Stepping randomly (stuck).
  5772 | D:7      | 5772 ||| Stepping randomly (stuck).
  5773 | D:7      | 5773 ||| Stepping randomly (stuck).
  5775 | D:7      | 5775 ||| Stepping randomly (stuck).
  5787 | D:7      | 5787 ||| Stepping randomly (stuck).
  5789 | D:7      | 5789 ||| Stepping randomly (stuck).
  5790 | D:7      | 5790 ||| Stepping randomly (stuck).
  5791 | D:7      | 5791 ||| Stepping randomly (stuck).
  5792 | D:7      | 5792 ||| Stepping randomly (stuck).
  5793 | D:7      | 5793 ||| Stepping randomly (stuck).
  5794 | D:7      | 5794 ||| Stepping randomly (stuck).
  5795 | D:7      | 5795 ||| Stepping randomly (stuck).
  5797 | D:7      | 5797 ||| Stepping randomly (stuck).
  5798 | D:7      | 5798 ||| Stepping randomly (stuck).
  5799 | D:7      | 5799 ||| Stepping randomly (stuck).
  5800 | D:7      | 5800 ||| Stepping randomly (stuck).
  5802 | D:7      | 5802 ||| Stepping randomly (stuck).
  5803 | D:7      | 5803 ||| Stepping randomly (stuck).
  5804 | D:7      | 5804 ||| Stepping randomly (stuck).
  5805 | D:7      | 5805 ||| Stepping randomly (stuck).
  5806 | D:7      | 5806 ||| Stepping randomly (stuck).
  5807 | D:7      | 5807 ||| Stepping randomly (stuck).
  5809 | D:7      | 5809 ||| Stepping randomly (stuck).
  5810 | D:7      | 5810 ||| Stepping randomly (stuck).
  5812 | D:7      | 5812 ||| Stepping randomly (stuck).
  5814 | D:7      | 5814 ||| Stepping randomly (stuck).
  5816 | D:7      | 5816 ||| Stepping randomly (stuck).
  5818 | D:7      | 5818 ||| Stepping randomly (stuck).
  5820 | D:7      | 5820 ||| Stepping randomly (stuck).
  5822 | D:7      | 5822 ||| Stepping randomly (stuck).
  5823 | D:7      | 5823 ||| Stepping randomly (stuck).
  5824 | D:7      | 5824 ||| Stepping randomly (stuck).
  5825 | D:7      | 5825 ||| Stepping randomly (stuck).
  5826 | D:7      | 5826 ||| Stepping randomly (stuck).
  5827 | D:7      | 5827 ||| Stepping randomly (stuck).
  5828 | D:7      | 5828 ||| Stepping randomly (stuck).
  5829 | D:7      | 5829 ||| Stepping randomly (stuck).
  5830 | D:7      | 5830 ||| Stepping randomly (stuck).
  5831 | D:7      | 5831 ||| Stepping randomly (stuck).
  5833 | D:7      | 5833 ||| Stepping randomly (stuck).
  5835 | D:7      | 5835 ||| Stepping randomly (stuck).
  5836 | D:7      | 5836 ||| Stepping randomly (stuck).
  5837 | D:7      | 5837 ||| Stepping randomly (stuck).
  5839 | D:7      | 5839 ||| Stepping randomly (stuck).
  5841 | D:7      | 5841 ||| Stepping randomly (stuck).
  5842 | D:7      | 5842 ||| Stepping randomly (stuck).
  5843 | D:7      | 5843 ||| Stepping randomly (stuck).
  5845 | D:7      | 5845 ||| Stepping randomly (stuck).
  5847 | D:7      | 5847 ||| Stepping randomly (stuck).
  5849 | D:7      | 5849 ||| Stepping randomly (stuck).
  5850 | D:7      | 5850 ||| Stepping randomly (stuck).
  5851 | D:7      | 5851 ||| Stepping randomly (stuck).
  5852 | D:7      | 5852 ||| Stepping randomly (stuck).
  5853 | D:7      | 5853 ||| Stepping randomly (stuck).
  5854 | D:7      | 5854 ||| Stepping randomly (stuck).
  5855 | D:7      | 5855 ||| Stepping randomly (stuck).
  5857 | D:7      | 5857 ||| Stepping randomly (stuck).
  5859 | D:7      | 5859 ||| Stepping randomly (stuck).
  5861 | D:7      | 5861 ||| Stepping randomly (stuck).
  5862 | D:7      | 5862 ||| Stepping randomly (stuck).
  5864 | D:7      | 5864 ||| Stepping randomly (stuck).
  5865 | D:7      | 5865 ||| Stepping randomly (stuck).
  5867 | D:7      | 5867 ||| Stepping randomly (stuck).
  5869 | D:7      | 5869 ||| Stepping randomly (stuck).
  5871 | D:7      | 5871 ||| Stepping randomly (stuck).
  5872 | D:7      | 5872 ||| Stepping randomly (stuck).
  5873 | D:7      | 5873 ||| Stepping randomly (stuck).
  5874 | D:7      | 5874 ||| Stepping randomly (stuck).
  5875 | D:7      | 5875 ||| Stepping randomly (stuck).
  5876 | D:7      | 5876 ||| Stepping randomly (stuck).
  5877 | D:7      | 5877 ||| Stepping randomly (stuck).
  5879 | D:7      | 5879 ||| Stepping randomly (stuck).
  5881 | D:7      | 5881 ||| Stepping randomly (stuck).
  5882 | D:7      | 5882 ||| Stepping randomly (stuck).
  5883 | D:7      | 5883 ||| Stepping randomly (stuck).
  5884 | D:7      | 5884 ||| Stepping randomly (stuck).
  5886 | D:7      | 5886 ||| Stepping randomly (stuck).
  5887 | D:7      | 5887 ||| Stepping randomly (stuck).
  5888 | D:7      | 5888 ||| Stepping randomly (stuck).
  5889 | D:7      | 5889 ||| Stepping randomly (stuck).
  5890 | D:7      | 5890 ||| Stepping randomly (stuck).
  5892 | D:7      | 5892 ||| Stepping randomly (stuck).
  5893 | D:7      | 5893 ||| Stepping randomly (stuck).
  5895 | D:7      | 5895 ||| Stepping randomly (stuck).
  5896 | D:7      | 5896 ||| Stepping randomly (stuck).
  5898 | D:7      | 5898 ||| Stepping randomly (stuck).
  5899 | D:7      | 5899 ||| Stepping randomly (stuck).
  5900 | D:7      | 5900 ||| Stepping randomly (stuck).
  5902 | D:7      | 5902 ||| Stepping randomly (stuck).
  5904 | D:7      | 5904 ||| Stepping randomly (stuck).
  5906 | D:7      | 5906 ||| Stepping randomly (stuck).
  5907 | D:7      | 5907 ||| Stepping randomly (stuck).
  5908 | D:7      | 5908 ||| Stepping randomly (stuck).
  5909 | D:7      | 5909 ||| Stepping randomly (stuck).
  5911 | D:7      | 5911 ||| Stepping randomly (stuck).
  5912 | D:7      | 5912 ||| Stepping randomly (stuck).
  5914 | D:7      | 5914 ||| Stepping randomly (stuck).
  5915 | D:7      | 5915 ||| Stepping randomly (stuck).
  5916 | D:7      | 5916 ||| Stepping randomly (stuck).
  5917 | D:7      | 5917 ||| Stepping randomly (stuck).
  5918 | D:7      | 5918 ||| Stepping randomly (stuck).
  5919 | D:7      | 5919 ||| Stepping randomly (stuck).
  5920 | D:7      | 5920 ||| Stepping randomly (stuck).
  5921 | D:7      | 5921 ||| Stepping randomly (stuck).
  5922 | D:7      | 5922 ||| Stepping randomly (stuck).
  5923 | D:7      | 5923 ||| Stepping randomly (stuck).
  5924 | D:7      | 5924 ||| Stepping randomly (stuck).
  5925 | D:7      | 5925 ||| Stepping randomly (stuck).
  5927 | D:7      | 5927 ||| Stepping randomly (stuck).
  5928 | D:7      | 5928 ||| Stepping randomly (stuck).
  5929 | D:7      | 5929 ||| Stepping randomly (stuck).
  5930 | D:7      | 5930 ||| Stepping randomly (stuck).
  5931 | D:7      | 5931 ||| Stepping randomly (stuck).
  5933 | D:7      | 5933 ||| Stepping randomly (stuck).
  5934 | D:7      | 5934 ||| Stepping randomly (stuck).
  5935 | D:7      | 5935 ||| Stepping randomly (stuck).
  5936 | D:7      | 5936 ||| Stepping randomly (stuck).
  5937 | D:7      | 5937 ||| Stepping randomly (stuck).
  5938 | D:7      | 5938 ||| Stepping randomly (stuck).
  5939 | D:7      | 5939 ||| Stepping randomly (stuck).
  5940 | D:7      | 5940 ||| Stepping randomly (stuck).
  5941 | D:7      | 5941 ||| Stepping randomly (stuck).
  5942 | D:7      | 5942 ||| Stepping randomly (stuck).
  5943 | D:7      | 5943 ||| Stepping randomly (stuck).
  5944 | D:7      | 5944 ||| Stepping randomly (stuck).
  5945 | D:7      | 5945 ||| Stepping randomly (stuck).
  5946 | D:7      | 5946 ||| Stepping randomly (stuck).
  5947 | D:7      | 5947 ||| Stepping randomly (stuck).
  5948 | D:7      | 5948 ||| Stepping randomly (stuck).
  5949 | D:7      | 5949 ||| Stepping randomly (stuck).
  5950 | D:7      | 5950 ||| Stepping randomly (stuck).
  5951 | D:7      | 5951 ||| Stepping randomly (stuck).
  5952 | D:7      | 5952 ||| Stepping randomly (stuck).
  5953 | D:7      | 5953 ||| Stepping randomly (stuck).
  5954 | D:7      | 5954 ||| Stepping randomly (stuck).
  5955 | D:7      | 5955 ||| Stepping randomly (stuck).
  5956 | D:7      | 5956 ||| Stepping randomly (stuck).
  5957 | D:7      | 5957 ||| Stepping randomly (stuck).
  5958 | D:7      | 5958 ||| Stepping randomly (stuck).
  5960 | D:7      | 5960 ||| Stepping randomly (stuck).
  5961 | D:7      | 5961 ||| Stepping randomly (stuck).
  5962 | D:7      | 5962 ||| Stepping randomly (stuck).
  5963 | D:7      | 5963 ||| Stepping randomly (stuck).
  5964 | D:7      | 5964 ||| Stepping randomly (stuck).
  5965 | D:7      | 5965 ||| Stepping randomly (stuck).
  5966 | D:7      | 5966 ||| Stepping randomly (stuck).
  5967 | D:7      | 5967 ||| Stepping randomly (stuck).
  5968 | D:7      | 5968 ||| Stepping randomly (stuck).
  5969 | D:7      | 5969 ||| Stepping randomly (stuck).
  5970 | D:7      | 5970 ||| Stepping randomly (stuck).
  5971 | D:7      | 5971 ||| Stepping randomly (stuck).
  5972 | D:7      | 5972 ||| Stepping randomly (stuck).
  5973 | D:7      | 5973 ||| Stepping randomly (stuck).
  5974 | D:7      | 5974 ||| Stepping randomly (stuck).
  5975 | D:7      | 5975 ||| Stepping randomly (stuck).
  5976 | D:7      | 5976 ||| Stepping randomly (stuck).
  5977 | D:7      | 5977 ||| Stepping randomly (stuck).
  5978 | D:7      | 5978 ||| Stepping randomly (stuck).
  5979 | D:7      | 5979 ||| Stepping randomly (stuck).
  5980 | D:7      | 5980 ||| Stepping randomly (stuck).
  5981 | D:7      | 5981 ||| Stepping randomly (stuck).
  5982 | D:7      | 5982 ||| Stepping randomly (stuck).
  5983 | D:7      | 5983 ||| Stepping randomly (stuck).
  5985 | D:7      | 5985 ||| Stepping randomly (stuck).
  5986 | D:7      | 5986 ||| Stepping randomly (stuck).
  5987 | D:7      | 5987 ||| Stepping randomly (stuck).
  5988 | D:7      | 5988 ||| Stepping randomly (stuck).
  5989 | D:7      | 5989 ||| Stepping randomly (stuck).
  5990 | D:7      | 5990 ||| Stepping randomly (stuck).
  5992 | D:7      | 5992 ||| Stepping randomly (stuck).
  5994 | D:7      | 5994 ||| Stepping randomly (stuck).
  5995 | D:7      | 5995 ||| Stepping randomly (stuck).
  5996 | D:7      | 5996 ||| Stepping randomly (stuck).
  5997 | D:7      | 5997 ||| Stepping randomly (stuck).
  5998 | D:7      | 5998 ||| Stepping randomly (stuck).
  5999 | D:7      | 5999 ||| Stepping randomly (stuck).
  6000 | D:7      | 6000 ||| Stepping randomly (stuck).
  6002 | D:7      | 6002 ||| Stepping randomly (stuck).
  6004 | D:7      | 6004 ||| Stepping randomly (stuck).
  6005 | D:7      | 6005 ||| Stepping randomly (stuck).
  6006 | D:7      | 6006 ||| Stepping randomly (stuck).
  6008 | D:7      | 6008 ||| Stepping randomly (stuck).
  6010 | D:7      | 6010 ||| Stepping randomly (stuck).
  6012 | D:7      | 6012 ||| Stepping randomly (stuck).
  6013 | D:7      | 6013 ||| Stepping randomly (stuck).
  6014 | D:7      | 6014 ||| Stepping randomly (stuck).
  6015 | D:7      | 6015 ||| Stepping randomly (stuck).
  6016 | D:7      | 6016 ||| Stepping randomly (stuck).
  6017 | D:7      | 6017 ||| Stepping randomly (stuck).
  6018 | D:7      | 6018 ||| Stepping randomly (stuck).
  6019 | D:7      | 6019 ||| Stepping randomly (stuck).
  6020 | D:7      | 6020 ||| Stepping randomly (stuck).
  6021 | D:7      | 6021 ||| Stepping randomly (stuck).
  6022 | D:7      | 6022 ||| Stepping randomly (stuck).
  6024 | D:7      | 6024 ||| Stepping randomly (stuck).
  6025 | D:7      | 6025 ||| Stepping randomly (stuck).
  6026 | D:7      | 6026 ||| Stepping randomly (stuck).
  6027 | D:7      | 6027 ||| Stepping randomly (stuck).
  6028 | D:7      | 6028 ||| Stepping randomly (stuck).
  6029 | D:7      | 6029 ||| Stepping randomly (stuck).
  6030 | D:7      | 6030 ||| Stepping randomly (stuck).
  6031 | D:7      | 6031 ||| Stepping randomly (stuck).
  6032 | D:7      | 6032 ||| Stepping randomly (stuck).
  6033 | D:7      | 6033 ||| Stepping randomly (stuck).
  6035 | D:7      | 6035 ||| Stepping randomly (stuck).
  6036 | D:7      | 6036 ||| Stepping randomly (stuck).
  6037 | D:7      | 6037 ||| Stepping randomly (stuck).
  6039 | D:7      | 6039 ||| Stepping randomly (stuck).
  6041 | D:7      | 6041 ||| Stepping randomly (stuck).
  6043 | D:7      | 6043 ||| Stepping randomly (stuck).
  6045 | D:7      | 6045 ||| Stepping randomly (stuck).
  6047 | D:7      | 6047 ||| Stepping randomly (stuck).
  6049 | D:7      | 6049 ||| Stepping randomly (stuck).
  6050 | D:7      | 6050 ||| Stepping randomly (stuck).
  6051 | D:7      | 6051 ||| Stepping randomly (stuck).
  6053 | D:7      | 6053 ||| Stepping randomly (stuck).
  6054 | D:7      | 6054 ||| Stepping randomly (stuck).
  6055 | D:7      | 6055 ||| Stepping randomly (stuck).
  6056 | D:7      | 6056 ||| Stepping randomly (stuck).
  6057 | D:7      | 6057 ||| Stepping randomly (stuck).
  6058 | D:7      | 6058 ||| Stepping randomly (stuck).
  6060 | D:7      | 6060 ||| Stepping randomly (stuck).
  6061 | D:7      | 6061 ||| Stepping randomly (stuck).
  6062 | D:7      | 6062 ||| Stepping randomly (stuck).
  6064 | D:7      | 6064 ||| Stepping randomly (stuck).
  6065 | D:7      | 6065 ||| Stepping randomly (stuck).
  6066 | D:7      | 6066 ||| Stepping randomly (stuck).
  6067 | D:7      | 6067 ||| Stepping randomly (stuck).
  6068 | D:7      | 6068 ||| Stepping randomly (stuck).
  6070 | D:7      | 6070 ||| Stepping randomly (stuck).
  6072 | D:7      | 6072 ||| Stepping randomly (stuck).
  6073 | D:7      | 6073 ||| Stepping randomly (stuck).
  6074 | D:7      | 6074 ||| Stepping randomly (stuck).
  6076 | D:7      | 6076 ||| Stepping randomly (stuck).
  6077 | D:7      | 6077 ||| Stepping randomly (stuck).
  6078 | D:7      | 6078 ||| Stepping randomly (stuck).
  6079 | D:7      | 6079 ||| Stepping randomly (stuck).
  6080 | D:7      | 6080 ||| Stepping randomly (stuck).
  6084 | D:7      | 6084 ||| Stepping randomly (stuck).
  6110 | D:7      | 6110 ||| Stepping randomly (stuck).
  6111 | D:7      | 6111 ||| Stepping randomly (stuck).
  6112 | D:7      | 6112 ||| Stepping randomly (stuck).
  6114 | D:7      | 6114 ||| Stepping randomly (stuck).
  6116 | D:7      | 6116 ||| Stepping randomly (stuck).
  6117 | D:7      | 6117 ||| Stepping randomly (stuck).
  6118 | D:7      | 6118 ||| Stepping randomly (stuck).
  6120 | D:7      | 6120 ||| Stepping randomly (stuck).
  6122 | D:7      | 6122 ||| Stepping randomly (stuck).
  6137 | D:7      | 6137 ||| Stepping randomly (stuck).
  6139 | D:7      | 6139 ||| Stepping randomly (stuck).
  6140 | D:7      | 6140 ||| Stepping randomly (stuck).
  6143 | D:7      | 6143 ||| Stepping randomly (stuck).
  6145 | D:7      | 6145 ||| Stepping randomly (stuck).
  6146 | D:7      | 6146 ||| Stepping randomly (stuck).
  6147 | D:7      | 6147 ||| Stepping randomly (stuck).
  6148 | D:7      | 6148 ||| Stepping randomly (stuck).
  6149 | D:7      | 6149 ||| Stepping randomly (stuck).
  6150 | D:7      | 6150 ||| Stepping randomly (stuck).
  6151 | D:7      | 6151 ||| Stepping randomly (stuck).
  6152 | D:7      | 6152 ||| Stepping randomly (stuck).
  6153 | D:7      | 6153 ||| Stepping randomly (stuck).
  6154 | D:7      | 6154 ||| Stepping randomly (stuck).
  6155 | D:7      | 6155 ||| Stepping randomly (stuck).
  6156 | D:7      | 6156 ||| Stepping randomly (stuck).
  6157 | D:7      | 6157 ||| Stepping randomly (stuck).
  6161 | D:7      | 6161 ||| Stepping randomly (stuck).
  6162 | D:7      | 6162 ||| Stepping randomly (stuck).
  6165 | D:7      | 6165 ||| Stepping randomly (stuck).
  6166 | D:7      | 6166 ||| Stepping randomly (stuck).
  6167 | D:7      | 6167 ||| Stepping randomly (stuck).
  6168 | D:7      | 6168 ||| Stepping randomly (stuck).
  6169 | D:7      | 6169 ||| Stepping randomly (stuck).
  6170 | D:7      | 6170 ||| Stepping randomly (stuck).
  6171 | D:7      | 6171 ||| Stepping randomly (stuck).
  6172 | D:7      | 6172 ||| Stepping randomly (stuck).
  6173 | D:7      | 6173 ||| Stepping randomly (stuck).
  6174 | D:7      | 6174 ||| Stepping randomly (stuck).
  6179 | D:7      | 6179 ||| Stepping randomly (stuck).
  6195 | D:7      | 6195 ||| Stepping randomly (stuck).
  6196 | D:7      | 6196 ||| Stepping randomly (stuck).
  6197 | D:7      | 6197 ||| Stepping randomly (stuck).
  6198 | D:7      | 6198 ||| Stepping randomly (stuck).
  6199 | D:7      | 6199 ||| Stepping randomly (stuck).
  6200 | D:7      | 6200 ||| Stepping randomly (stuck).
  6201 | D:7      | 6201 ||| Stepping randomly (stuck).
  6202 | D:7      | 6202 ||| Stepping randomly (stuck).
  6203 | D:7      | 6203 ||| Stepping randomly (stuck).
  6412 | D:7      | Noticed Menkaure
  6413 | D:7      | 6413 ||| INVOKING Heroism.
  6420 | D:7      | Killed Menkaure
  6421 | D:7      | Reached skill level 9 in Axes
  6576 | D:7      | 6576 ||| READING scroll of enchant weapon.
  6576 | D:7      | 6576 ||| ENCHANTING +2 war axe.
  6731 | D:7      | 6731 ||| UPGRADING to +2 helmet.
  6741 | D:7      | 6741 ||| DROPPING +0 helmet.
  6742 | D:7      | 6742 ||| READING scroll labelled PEDIME UDYOGOPH.
  6776 | D:8      | Noticed Maggie
  6786 | D:8      | 6786 ||| INVOKING Heroism.
  6789 | D:8      | HP: 10/55 [Maggie/bolt of fire (22)]
  6790 | D:8      | 6790 ||| READING scroll of teleportation.
  6794 | D:8      | Killed Maggie
  6794 | D:8      | Reached *** piety under Okawaru
  6794 | D:8      | Found a transporter.
  6794 | D:8      | Noticed a moth of wrath
  6795 | D:8      | HP: 4/55 [orc priest/divine providence (12)]
  6796 | D:8      | Killed from afar by an orc priest

Levels and vault maps discovered:
D:1:      amcnicky_arrival_single_pillar, layout_rooms
D:2:      layout_basic, serial_shops,
          nicolae_shop_temple_entry_statues_fountains, uniq_robin, uniq_terence
D:3:      wander_river, layout_loops_ring, grunt_dithmenos_smoke_and_mirrors,
          serial_shops, shop, uniq_natasha
D:4:      kennysheep_the_goblin_king, layout_gridville,
          mainiacjoe_overflow_divided_tiny
D:5:      layout_loops_ring, grunt_temple_overflow_open, lemuel_round_altar,
          serial_shops, nicolae_shop_statue_plus, kennysheep_generic_room_2
D:6:      layout_basic, nicolae_hepliaklqana_hazy_memory,
          grunt_ashenzari_visionary [grunt_ashenzari_visionary_swamp,
          grunt_ashenzari_visionary_snake], minmay_temple_entry_wispy,
          lightli_orcish_oven, uniq_crazy_yiuf_cottage
D:7:      layout_layer_cave, vehumet_altar_wand_db, hangedman_decor_growths,
          minmay_puff, uniq_menkaure
D:8:      layout_cave_pods, gammafunk_ghost_wrathful_warriors, uniq_psyche,
          uniq_maggie
Temple:   nicolae_temple_no_exploring_needed

Skill      XL: |  1  2  3  4  5  6  7  8  9 |
---------------+----------------------------+-----
Axes           | 2 3 4 5 6 7 8 9 |  9.1
Fighting       | 4 5 6 |  6.1
Dodging        | 1 2 |  2.1
Throwing       | 1 |  1.0
Invocations    | 4 |  4.0
Armour         | 4 |  4.0
Shields        | 4 |  4.9

Action                   |  1- 3 |  4- 6 |  7- 9 || total
-------------------------+-------+-------+-------++-------
Melee: War axe           |    87 |   230 |   254 ||   571
Throw: Boomerang         |       |    27 |    25 ||    52
Invok: Heroism           |       |       |     5 ||     5
  Use: Scroll            |     1 |    13 |    10 ||    24
       Potion            |       |     4 |       ||     4
Armor: Scale mail        |    34 |    54 |       ||    88
       Chain mail        |       |    71 |   164 ||   235
Dodge: Dodged            |    36 |    71 |   109 ||   216
Block: Buckler           |    11 |    43 |    83 ||   137

Table legend:
 A = Non-vault XP
 B = Vault XP
 C = Vault XP percentage of total XP
 D = Non-vault monster count
 E = Vault monster count
 F = Vault count percentage of total count
                 A         B        C        D         E       F
            +---------+---------+-------+---------+---------+-------
      Total |    2493 |    1090 |  30.4 |     126 |      30 |  19.2
            +---------+---------+-------+---------+---------+-------
        D:1 |      26 |       0 |   0.0 |      17 |       0 |   0.0
        D:2 |     145 |      62 |  30.0 |      27 |       8 |  22.9
        D:3 |     133 |      35 |  20.8 |      18 |       1 |   5.3
        D:4 |      68 |      46 |  40.4 |       7 |       7 |  50.0
        D:5 |     197 |      20 |   9.2 |      12 |       3 |  20.0
        D:6 |     911 |      15 |   1.6 |      22 |       5 |  18.5
        D:7 |    1013 |     508 |  33.4 |      23 |       5 |  17.9
        D:8 |       0 |     404 | 100.0 |       0 |       1 | 100.0
            +---------+---------+-------+---------+---------+-------
